 Dungeon Crawl Stone Soup version 0.24.0-123-gd5b16e6ec5 (webtiles) character file.

Game seed: 11116143029648057262, levelgen mode: deterministic

14 Azuregosa the Charlatan (level 2, 0/14 HPs)
             Began as a Vine Stalker Artificer on Jan 3, 2020.
             Succumbed to a kobold's poison
             ... on level 1 of the Dungeon.
             The game lasted 00:02:48 (835 turns).

Azuregosa the Charlatan (Vine Stalker Artificer)     Turns: 835, Time: 00:02:49

Health: 0/14       AC:  3    Str: 14    XL:     2   Next: 41%
Magic:  2/5        EV: 12    Int: 11    God:
Gold:   69         SH:  0    Dex: 14    Spells: 1/1 levels left

rFire    . . .     SeeInvis .   a - +0 short sword
rCold    . . .     Gourm    .   (no shield)
rNeg     . . .     Faith    .   b - +0 leather armour
rPois    .         Spirit   +   (no helmet)
rElec    .         Reflect  .   (no cloak)
rCorr    .         Harm     .   (no gloves)
MR       .....                  (no boots)
Stlth    ++........             (no amulet)
HPRegen  0.04/turn              (no ring)
MPRegen  0.09/turn              (no ring)

@: lethally poisoned (0 -> -19)
A: fangs 2, magic shield, antimagic bite, no potion heal 3, rot immunity
a: no special abilities


You were on level 1 of the Dungeon.
You were not hungry.

You visited 1 branch of the dungeon, and saw 2 of its levels.

You collected 69 gold pieces.

Inventory:

Hand Weapons
 a - a +0 short sword (weapon)
Armour
 b - a +0 leather armour (worn)
Wands
 c - a wand of flame (15)
 d - a wand of enslavement (15)
 e - a wand of random effects (15)
Scrolls
 h - a scroll of identify {unknown}
 l - a scroll of remove curse {unknown}
 m - a scroll of teleportation {unknown}
Potions
 g - a potion of flight {unknown}
 i - 2 potions of might {unknown}
 k - a potion of haste {unknown}
Comestibles
 f - 4 rations
 j - 4 chunks of flesh


   Skills:
 + Level 1.5 Fighting
 - Level 0.8 Short Blades
 - Level 1.5 Dodging
 - Level 1.2 Stealth
 + Level 3.1 Evocations


You had one spell level left.
You didn't know any spells.
Your spell library was empty.

Dungeon Overview and Level Annotations

Branches:
Dungeon (2/15)

Altars:


Innate Abilities, Weirdness & Mutations

You have extremely sharp teeth.
When hurt, damage is shared between your health and your magic reserves.
Your bite disrupts and absorbs the magic of your enemies.
Potions cannot restore your health.
You are immune to rotting.


Message History

The bat misses you.
The kobold throws a poisoned dart.
The poisoned dart closely misses you.
The kobold throws a poisoned dart.
The poisoned dart hits you!
You are poisoned.
You closely miss the bat. Your bite misses the bat.
You feel sick. The bat hits you but does no damage.
The ooze closely misses you.
The kobold throws a poisoned dart.
The poisoned dart hits you!
You are lethally poisoned!
You feel sick. The bat misses you.
You feel sick. The bat barely misses you.
You feel sick. The bat closely misses you.
You feel sick. The bat hits you.
You feel sick. The bat closely misses you.
There is a stone staircase leading up here.
* * * LOW HITPOINT WARNING * * *
You feel sick. The ooze hits you.
* * * LOW HITPOINT WARNING * * *
The bat barely misses you.
You climb upwards.
You die...

##.###### #.....# #.# #. #.....#
#.# #.#####.....# ##'## #
.....###...## #...## #.
#.##.####.##### .....## #.#
#.##..........# ......##
##..##.##..###.##..#
.......###.......#..###.....####
.......+........@J......÷......+
.......# #..................####
......## #.#.....#########.##
.....## #.#.##÷.# #.# #...##
#.......# #.# ##+## ###.#####
#.# #.# #.# #.# #.### #.# ...
##...# #.# #.#


You could see an ooze.

Vanquished Creatures
  A leopard gecko (D:1)
  2 bats (D:1)
  A giant cockroach (D:1)
  A goblin (D:1)
  2 hobgoblins (D:1)
  2 kobolds (D:1)
  A frilled lizard (D:1)
  A rat (D:1)
11 creatures vanquished.

Notes
Turn   | Place    | Note
-------+----------+-------------------------------------------
     0 | D:1      | Azuregosa the Vine Stalker Artificer began the quest for
                  | the Orb.
     0 | D:1      | Reached XP level 1. HP: 9/9 MP: 3/3
    12 | D:1      | Reached skill level 1 in Fighting
   675 | D:1      | Reached skill level 3 in Evocations
   675 | D:1      | Reached XP level 2. HP: 14/14 MP: 3/5
   835 | D:1      | Succumbed to a kobold's poison

Levels and vault maps discovered:
D:1:      dpeg_arrival_orchard, layout_loops_corners
D:2:      kb_forest_paths, layout_basic, lemuel_round_altar,
          grunt_temple_overflow_open

Skill      XL: |  1 |
---------------+----+-----
Fighting       | 1 |  1.5
Evocations     | 3 |  3.1
Short Blades   | |  0.8
Dodging        | |  1.5
Stealth        | |  1.2

Action                   || total
-------------------------++-------
Melee: Short sword       ||    28
       Bite              ||     6
 Stab: Sleeping          ||     1
Armor: Leather armour    ||     7
Dodge: Dodged            ||    22
